 Dungeon Crawl Stone Soup version 0.23-b1-6-ga921848b48 (webtiles) character file.

Game seed: 7736247311144050459

198 Oravi the Sneak (level 5, -9/46 HPs)
             Began as a Naga Enchanter on Feb 1, 2019.
             Mangled by a wyvern (13 damage)
             ... on level 4 of the Dungeon.
             The game lasted 00:14:27 (3582 turns).

Oravi the Sneak (Naga Enchanter)                    Turns: 3582, Time: 00:14:27

Health: -9/46      AC: 11    Str: 11    XL:     5   Next: 77%
Magic:  6/9        EV: 10    Int: 16    God:
Gold:   167        SH:  0    Dex: 15    Spells: 4/10 levels left

rFire    + . .     SeeInvis +   n - +2 trident (protect)
rCold    . . .     Gourm    .   (no shield)
rNeg     . . .     Faith    .   b - +1 robe
rPois    +         Spirit   .   (no helmet)
rElec    .         Reflect  .   e - +0 cloak
rCorr    .         Harm     .   (no gloves)
MR       .....                  (no barding)
Stlth    +++.......             (no amulet)
HPRegen  0.15/turn              q - +4 ring of dexterity
MPRegen  0.11/turn              w - ring of protection from fire

@: protection aura, very slow
A: large, see invisible, deformed body, poison resistance, slowness 2, slow
metabolism 1, spit poison 1, AC +1
a: Spit Poison


You were on level 4 of the Dungeon.
You were hungry.

You visited 1 branch of the dungeon, and saw 4 of its levels.

You collected 167 gold pieces.

Inventory:

Hand Weapons
 a - a +1 dagger
 j - a +0 hunting sling
 n - a +2 trident of protection (weapon)
 A - a +0 vampiric dagger
Missiles
 f - 2 needles of confusion
 g - 5 tomahawks (quivered)
 h - 133 stones
 k - 33 sling bullets
 s - 26 arrows
Armour
 b - a +1 robe (worn)
 e - a +0 cloak (worn)
 o - a +0 scale mail
 t - a +0 ring mail
 v - a scarf of repulsion
 y - a +0 buckler
Jewellery
 q - a +4 ring of dexterity (left hand)
 w - a ring of protection from fire (right hand)
 x - an uncursed ring of attention
Scrolls
 c - 4 scrolls of identify {@r1}
 i - a scroll of enchant armour
 u - a scroll of remove curse {@r2}
Potions
 m - a potion of haste
 p - a potion of magic
 r - a potion of might
Comestibles
 d - 6 rations
 z - a chunk of flesh


   Skills:
 + Level 2.4 Fighting
 - Level 1.1 Short Blades
 - Level 1.6 Dodging
 - Level 5.0 Stealth
 * Level 0.5 Shields
 + Level 3.3 Spellcasting
 + Level 4.1 Hexes


You had 4 spell levels left.
You knew the following spells:

 Your Spells              Type           Power        Failure   Level  Hunger
a - Corona                Hex            ###....      3%          1    None
b - Ensorcelled Hibernat  Hex/Ice        #.....       12%         2    ##.....
c - Confuse               Hex            ###.....     10%         3    ###....

Your spell library contained the following spells:

 Spells                   Type           Power        Failure   Level  Hunger
 Tukima's Dance           Hex            ###.....     10%         3    ###....
 Dazzling Spray           Conj/Hex       #.....       24%         3    ###....


Dungeon Overview and Level Annotations

Branches:
Dungeon (4/15)
 Temple: D:4-7

Altars:
Elyvilon
Yredelemnul


Innate Abilities, Weirdness & Mutations

You cannot wear boots.
Your serpentine skin is tough. (AC +1)
You have supernaturally acute eyesight. (SInv)
Armour fits poorly on your strangely shaped body.
Your system is resistant to poisons. (rPois)
You cover ground very slowly.
You have a slow metabolism.
You can spit poison.


Message History

n - a +2 trident of protection (weapon)
The wyvern bites you.
You hit the wyvern.
Your weapon exudes an aura of protection.
The wyvern is severely wounded.
The wyvern closely misses you. x2
You barely miss the wyvern.
The wyvern is severely wounded.
The wyvern bites you. The wyvern bites you!
* * * LOW HITPOINT WARNING * * *
You hit the wyvern.
The wyvern is almost dead.
The wyvern barely misses you. The wyvern bites you!
* * * LOW HITPOINT WARNING * * *
You barely miss the wyvern.
The wyvern is almost dead.
The wyvern bites you!
* * * LOW HITPOINT WARNING * * *
The wyvern bites you!
You die...

.........# .........#
..##.....# # #......[..
.# #....##### ####.
.....+ ....
#....###########..#
.......>........l.#
............###.@$#
..............#...####
............#.#......#
..(.........+........#
######......#.#.#.....#
............#.#.....#
............#+#.....#
......................#
....................!.#


You could see a wyvern.

Vanquished Creatures
  A hound (D:4)
  An orc priest (D:3)
  An orc wizard (D:3)
  3 adders
  2 oozes (D:2)
  2 worms
  3 dart slugs
  A leopard gecko (D:1)
  8 orcs (D:3)
  A ball python (D:1)
  8 bats
  A giant cockroach (D:3)
  3 goblins
  9 hobgoblins
  2 jackals (D:1)
  6 kobolds
  A quokka (D:3)
  3 frilled lizards
  3 rats
59 creatures vanquished.

Notes
Turn   | Place    | Note
-------+----------+-------------------------------------------
     0 | D:1      | Oravi the Naga Enchanter began the quest for the Orb.
     0 | D:1      | Reached XP level 1. HP: 15/15 MP: 3/3
   188 | D:1      | Reached XP level 2. HP: 22/22 MP: 5/5
   760 | D:1      | Learned a level 2 spell: Ensorcelled Hibernation
  1046 | D:1      | Reached XP level 3. HP: 30/30 MP: 6/6
  1062 | D:1      | Reached skill level 1 in Fighting
  1806 | D:2      | Reached XP level 4. HP: 32/38 MP: 3/7
  1886 | D:2      | Reached skill level 5 in Stealth
  2112 | D:2      | Learned a level 3 spell: Confuse
  2903 | D:3      | Found a white marble altar of Elyvilon.
  3064 | D:3      | Reached XP level 5. HP: 45/45 MP: 9/9
  3384 | D:3      | Found a basalt altar of Yredelemnul.
  3562 | D:4      | Noticed a wyvern
  3582 | D:4      | Mangled by a wyvern

Skill      XL: |  1  2  3  4  5 |
---------------+----------------+-----
Fighting       | 1 2 |  2.4
Stealth        | 5 |  5.0
Spellcasting   | 3 |  3.3
Hexes          | 4 |  4.1
Short Blades   | |  1.1
Dodging        | |  1.6
Shields        | |  0.5

Action                   |  1- 3 |  4- 6 || total
-------------------------+-------+-------++-------
Melee: Dagger            |    79 |    55 ||   134
       Trident           |       |     4 ||     4
Throw: Tomahawk          |     4 |       ||     4
 Cast: Corona            |     5 |       ||     5
       Ensorcelled Hiber |     7 |    13 ||    20
 Abil: Spit Poison       |     9 |     2 ||    11
  Use: Scroll            |       |     7 ||     7
       Potion            |       |     3 ||     3
 Stab: Sleeping          |    14 |    19 ||    33
  Eat: Chunk             |     3 |     5 ||     8
Armor: Robe              |    29 |     4 ||    33
Dodge: Dodged            |    57 |    31 ||    88
